 Dungeon Crawl Stone Soup version 0.14-a0-1811-gdc2d5af (webtiles) character file.

3085 4tharraofdagon the Slasher (level 9, -1/75 HPs)
             Began as a Djinni Gladiator on Jan 8, 2014.
             Was an Elder of Zin.
             Slain by an ice beast (28 damage)
             ... on Level 8 of the Dungeon.
             The game lasted 00:17:00 (3046 turns).

4tharraofdagon the Slasher (Djinni Gladiator)       Turns: 3046, Time: 00:17:00

HP  -1/75        AC 14     Str 20      XL: 9   Next: 42%
MP   0/0         EV 13     Int 10      God: Zin [****..]
Gold 307         SH  0     Dex 19      Spells:  0 memorised,  8 levels left

rFire  + + +     SeeInvis .     j - +1,+2 long sword (freeze)
rCold  x . .     Clarity  +     v - +4 orc ring mail
rNeg   + + +     Conserve .     (no shield)
rPois  +         rCorr    .     c - +0 helmet
rElec  .         rRot     .     l - +0 cloak
SustAb . .       Spirit   .     p - +0 pair of gloves
rMut   .         Warding  .     (boots unavailable)
Saprov . . .     Stasis   .     n - amulet of clarity
                                E - ring of invisibility
                                k - +5 ring of dexterity

@: vitalised, flying, slightly resistant to hostile enchantments, unstealthy
A: fire immunity, cold vulnerability, life protection 3
a: Recite, Vitalisation, Imprison, Renounce Religion, Evoke Invisibility


You were on level 8 of the Dungeon.
You worshipped Zin.
Zin was greatly pleased with you.
You were not hungry.

You visited 2 branches of the dungeon, and saw 11 of its levels.

You collected 418 gold pieces.
You spent 70 gold pieces at shops.
You donated 41 gold pieces.

Inventory:

Hand weapons
 a - a +0,+0 quarterstaff
 j - a +1,+2 long sword of freezing (weapon)
Missiles
 m - a throwing net [falling apart] (quivered)
 x - a stone
Armour
 b - a +0 leather armour
 c - a +0 helmet (worn)
 g - a +0 dwarven ring mail
 l - a +0 cloak (worn)
 p - a +0 pair of gloves (worn)
 v - a +4 orcish ring mail (worn)
 y - the +3 ring mail "Thys" {MR++ Dex-1}
   (You found it on level 7 of the Dungeon)

   It affects your dexterity (-1).
   It affects your resistance to hostile enchantments.
 D - the cursed +2 leather armour "Ritaules" {Dex+5 Int+3, unknown}
   (You found it on level 9 of the Dungeon)

   It affects your intelligence (+3).
   It affects your dexterity (+5).
   It has a curse placed upon it.
 G - a +0 plate armour
Magical devices
 B - a wand of paralysis (8)
Scrolls
 d - 2 scrolls of random uselessness
 e - 2 scrolls of noise {unknown}
 f - a scroll of immolation {unknown}
 i - a scroll of enchant weapon II {unknown}
 q - a scroll of amnesia {unknown}
 r - a scroll of fear
 u - a scroll of fog {unknown}
 w - 4 scrolls of remove curse
 A - a scroll of blinking {unknown}
 F - a scroll of enchant armour {unknown}
Jewellery
 k - a +5 ring of dexterity (left hand)
 n - an amulet of clarity (around neck)
 s - an uncursed ring of positive energy
 E - a ring of invisibility (right hand)
Potions
 h - a potion of brilliance
 o - a potion of curing
 z - a potion of heal wounds
Books
 C - a book of Death

   Spells                             Type                      Level
   Corpse Rot                         Necromancy                   2
   Sublimation of Blood               Necromancy                   2
   Agony                              Necromancy                   5
   Dispel Undead                      Necromancy                   5
   Excruciating Wounds                Charms/Necromancy            5
   Bolt of Draining                   Conjuration/Necromancy       5
   Zin opposes the use of such an evil item.
Magical staves
 t - an uncursed staff of conjuration {unknown}


   Skills:
 + Level 5.4 Fighting
 * Level 7.3 Long Blades
 - Level 3.8 Staves
 - Level 1.7 Throwing
 + Level 5.8 Armour
 + Level 5.5 Dodging
 + Level 3.5 Invocations


You had 8 spell levels left.
You didn't know any spells.

Dungeon Overview and Level Annotations

Branches:
Dungeon (10/16)            Temple (1/1) D:6            Lair (0/8) D:8
    Orc: D:9-12

Altars:
Elyvilon
Kikubaaqudgha
Makhleb
Sif Muna
Xom
Yredelemnul
Zin

Shops:
D:7 *

Annotations:
D:1 1 exclusion
D:2 Sigmund
D:6 Eustachio


Innate Abilities, Weirdness & Mutations

You are immune to all types of fire, even holy and hellish.
You are vulnerable to cold.
You need no food.
You have no legs.
You are immune to negative energy.


Message History

The hound bites you but does no damage.
You closely miss the hound. The hound barely misses you.
You hit the hound. You freeze the hound.
The hound is moderately wounded.
The hound bites you. The hound barely misses you.
You slash the hound! You freeze the hound.
You kill the hound!
A worker ant comes into view.
The worker ant twitches its antennae in your direction.
There is a stone staircase leading up here.
You fly upwards.
The ice beast barely misses you.
There is a stone staircase leading down here.
Unknown command.
Unknown command.
Unknown command.
You hit the ice beast.
The ice beast is lightly wounded.
The ice beast hits you. The ice beast freezes you!
You feel a terrible chill!
One of your 2 potions of curing freezes and shatters!
You die...

###.......#..#..#..
#.........#######..
##....#.#(.#..#..#..
#.....#.>.....#.....
#...###......###....
#....##.........%###
##...###..........#.
#.....#.......#..#.
##@I..##......#####
##....##.....#
.....#......
##...#..#....
...#####... ..## ##.
# .. # ### #..


You could see an ice beast.

Vanquished Creatures
  A sky beast (D:8)
  An ice beast (D:10)
  4 phantoms
  2 ogres (D:7)
  7 giant frogs
  3 centaurs
  A water moccasin (D:9)
  9 crimson imps
  A giant frog skeleton (D:4)
  Crazy Yiuf (D:6)
  5 hounds
  A scorpion (D:8)
  A centaur skeleton (D:7)
  3 orc wizards
  18 worker ants
  An orange rat (D:7)
  Terence (D:3)
  3 adders
  4 gnolls (D:9)
  3 green rats (D:7)
  2 giant mites
  A worm (D:9)
  4 grey rats (D:7)
  A giant eyeball (D:7)
  4 giant geckos
  12 orcs
  A ball python (D:5)
  10 bats
  4 giant cockroaches
  6 goblins
  6 hobgoblins
  4 jackals
  3 quokkas
  A giant newt (D:2)
  A hobgoblin skeleton (D:4)
  A kobold (D:5)
  14 rats
145 creatures vanquished.

Notes
Turn   | Place    | Note
--------------------------------------------------------------
     0 | D:1      | 4tharraofdagon, the Djinni Gladiator, began the quest for the Orb.
     0 | D:1      | Reached XP level 1. HP: 15/15 MP: 0/0
   154 | D:2      | Reached skill level 1 in Armour
   154 | D:2      | Reached XP level 2. EP: 21/21
   183 | D:2      | Noticed Sigmund
   241 | D:3      | Reached XP level 3. EP: 21/28
   269 | D:3      | Noticed Terence
   345 | D:4      | Reached skill level 1 in Long Blades
   345 | D:4      | Reached XP level 4. EP: 34/34
   376 | D:4      | Found a deep blue altar of Sif Muna.
   376 | D:4      | Found a white marble altar of Elyvilon.
   408 | D:4      | Noticed a phantom
   433 | D:5      | Entered Level 5 of the Dungeon
   452 | D:4      | Reached XP level 5. EP: 32/41
   626 | D:5      | Noticed a centaur
   637 | D:5      | Killed a centaur
   637 | D:5      | Reached XP level 6. EP: 39/48
   972 | D:3      | Killed Terence
  1085 | D:4      | Reached skill level 4 in Long Blades
  1170 | D:4      | Reached XP level 7. EP: 31/54
  1210 | D:4      | Killed a phantom
  1297 | D:6      | Found a staircase to the Ecumenical Temple.
  1302 | Temple   | Entered the Ecumenical Temple
  1308 | Temple   | Became a worshipper of Zin the Law-Giver
  1308 | Temple   | Acquired Zin's first power
  1383 | D:6      | Noticed Crazy Yiuf
  1390 | D:6      | Killed Crazy Yiuf
  1463 | D:6      | Noticed Eustachio
  1635 | D:7      | Paralysed by a giant eyeball for 2 turns
  1681 | D:7      | Reached skill level 1 in Invocations
  1687 | D:7      | Paralysed by a giant eyeball for 3 turns
  1705 | D:7      | Got a warped ring mail
  1721 | D:7      | Reached skill level 5 in Long Blades
  1798 | D:8      | Acquired Zin's second power
  1804 | D:8      | Found a staircase to the Lair.
  1859 | D:8      | Reached XP level 8. EP: 49/63
  1933 | D:8      | Identified the +3 ring mail "Thys" {MR++ Dex-1} (You found it on level 7 of the Dungeon)
  2009 | D:8      | Reached skill level 6 in Long Blades
  2038 | D:8      | Reached skill level 5 in Armour
  2058 | D:8      | Acquired Zin's third power
  2406 | D:7      | Reached skill level 5 in Dodging
  2409 | D:7      | Reached XP level 9. EP: 35/73
  2427 | D:6      | Noticed an ice beast
  2463 | D:7      | Found Cogg's General Store.
  2471 | D:7      | Bought a scroll of remove curse for 42 gold pieces
  2471 | D:7      | Bought a scroll of identify for 28 gold pieces
  2558 | D:9      | Reached skill level 5 in Fighting
  2588 | D:9      | Reached skill level 7 in Long Blades
  2627 | D:9      | Found an ancient bone altar of Kikubaaqudgha.
  2803 | D:9      | Got a faintly glowing leather armour
  2900 | D:10     | Entered Level 10 of the Dungeon
  3046 | D:8      | Slain by an ice beast

Action                   |  1- 3 |  4- 6 |  7- 9 || total
-------------------------+-------+-------+-------++-------
Melee: Quarterstaff      |    21 |       |       ||    21
       Long sword        |     6 |   128 |   377 ||   511
Throw: Throwing net      |     1 |     3 |     4 ||     8
Invok: Vitalisation      |       |       |     2 ||     2
Evoke: Wand              |       |       |     1 ||     1
  Use: Potion            |     1 |       |     2 ||     3
       Scroll            |       |       |     8 ||     8
 Stab: Held in net/web   |     1 |     1 |     3 ||     5
       Sleeping          |       |     1 |       ||     1
